[ AOE2 MATCH · #506028237 ]
UnrankedTupi vs Jurchens
Player's team · WIN
Rival team · LOSS
[ REPLAY ANALYSIS · EXTRACTED FROM THE RECORDED GAME ]
Feudal
10:39
Castle
20:55
Imperial
—
| APM avg | 54.2 |
| APM peak | 80 |
| eAPM avg | 23.8 |
| Villagers / military | 48 / 26 |
Focus
⚔️ 41.9% · 🌾 58.1%
Archer ×13 · Skirmisher ×13 · Unknown (2550) ×5
Feudal
11:46
Castle
15:37
Imperial
—
| APM avg | 74.7 |
| APM peak | 127 |
| eAPM avg | 36.9 |
| Villagers / military | 38 / 3 |
Focus
⚔️ 62.7% · 🌾 37.3%
Unknown (1911) ×16 · Battering Ram ×2 · Iron Pagoda ×1
Match map
Initial resources + every placement click. Lines = walls · curves = elevation contours. ◆ gold · ⬟ stone · ● berries · ✦ relic · ◌ wall gap
Your base· Open — unwalled flank
nW | Sgt.Pepper's base· Open — 5t gap
Smoothed initial terrain · ◌ = detected wall gap · hover for details
Inputs per minute
— 2099 - - nW | Sgt.Pepper
Build order — 2099
133 actions detected in the replay
| 0:00 | Create | Villager (Male) |
| 0:01 | Create | Villager (Male) |
| 0:02 | Build | House |
| 0:04 | Build | Barracks |
| 0:06 | Create | Villager (Male) |
| 0:06 | Create | Villager (Male) |
| 0:21 | Build | House |
| 1:09 | Create | Unit 2550 |
| 1:25 | Research | Loom |
| 1:37 | Create | Villager (Male) |
| 1:43 | Create | Unit 2550 |
| 2:00 | Create | Villager (Male) |
| 2:34 | Create | Villager (Male) |
| 2:56 | Create | Villager (Male) |
| 3:27 | Create | Villager (Male) |
| 3:32 | Build | House |
| 3:38 | Create | Villager (Male) |
| 4:12 | Create | Villager (Male) |
| 4:29 | Create | Villager (Male) |
| 4:41 | Create | Villager (Male) |
| 4:46 | Build | House |
| 5:17 | Create | Villager (Male) |
| 5:27 | Create | Villager (Male) |
| 5:46 | Build | Settlement |
| 6:04 | Create | Villager (Male) |
| 6:15 | Create | Villager (Male) |
| 6:39 | Create | Villager (Male) |
| 7:05 | Create | Villager (Male) |
| 7:15 | Create | Villager (Male) |
| 7:31 | Create | Villager (Male) |
| 7:58 | Create | Villager (Male) |
| 8:01 | Build | Settlement |
| 8:29 | Research | Feudal Age |
| 8:34 | Build | Outpost |
| 9:07 | Create | Unit 2550 |
| 9:19 | Create | Unit 2550 |
| 9:46 | Create | Villager (Male) |
| 10:03 | Create | Unit 2550 |
| 10:39 | Age | Feudal Age |
| 10:39 | Research | Tech 1402 |
| 10:43 | Research | Double-Bit Axe |
| 10:44 | Create | Villager (Male) |
| 10:56 | Build | Archery Range |
| 11:04 | Build | Settlement |
| 11:19 | Build | Settlement |
| 11:26 | Create | Archer |
| 11:39 | Create | Villager (Male) |
| 11:40 | Create | Villager (Male) |
| 11:41 | Create | Archer |
| 12:08 | Create | Archer |
| 12:20 | Build | Watch Tower |
| 12:31 | Build | Farm |
| 12:31 | Build | Farm |
| 12:31 | Build | Farm |
| 12:36 | Build | House |
| 12:38 | Build | House |
| 12:47 | Build | Farm |
| 13:00 | Create | Villager (Male) |
| 13:02 | Create | Archer |
| 13:27 | Create | Archer |
| 13:34 | Create | Villager (Male) |
| 13:41 | Create | Archer |
| 13:54 | Build | Blacksmith |
| 14:03 | Create | Villager (Male) |
| 14:05 | Create | Archer |
| 14:07 | Create | Archer |
| 14:15 | Create | Villager (Male) |
| 14:17 | Create | Archer |
| 14:30 | Research | Fletching |
| 14:40 | Create | Archer |
| 14:41 | Create | Villager (Male) |
| 14:44 | Build | Settlement |
| 15:00 | Create | Archer |
| 15:07 | Create | Villager (Male) |
| 15:24 | Create | Villager (Male) |
| 15:26 | Build | Farm |
| 15:29 | Build | Farm |
| 15:45 | Create | Villager (Male) |
| 15:51 | Build | House |
| 15:52 | Build | House |
| 16:00 | Build | Farm |
| 16:05 | Create | Villager (Male) |
| 16:34 | Create | Villager (Male) |
| 16:37 | Build | Market |
| 16:42 | Create | Archer |
| 16:51 | Build | Watch Tower |
| 18:15 | Research | Castle Age |
| 18:36 | Create | Skirmisher |
| 18:37 | Create | Skirmisher |
| 18:45 | Build | Archery Range |
| 19:00 | Research | Padded Archer Armor |
| 19:03 | Create | Villager (Male) |
| 19:09 | Build | Watch Tower |
| 19:15 | Create | Skirmisher |
| 19:16 | Create | Villager (Male) |
| 19:20 | Build | House |
| 19:21 | Build | Palisade Wall |
| 19:44 | Build | Watch Tower |
| 19:47 | Create | Villager (Male) |
| 19:49 | Create | Villager (Male) |
| 19:50 | Build | House |
| 20:03 | Create | Skirmisher |
| 20:11 | Create | Skirmisher |
| 20:20 | Create | Skirmisher |
| 20:23 | Build | House |
| 20:25 | Build | House |
| 20:37 | Create | Skirmisher |
| 20:50 | Create | Skirmisher |
| 20:55 | Age | Castle Age |
| 21:12 | Research | Bodkin Arrow |
| 21:28 | Research | Elite Skirmisher (upgrade) |
| 21:38 | Create | Villager (Male) |
| 21:39 | Create | Skirmisher |
| 21:47 | Create | Villager (Male) |
| 21:51 | Build | Watch Tower |
| 22:40 | Build | University |
| 23:12 | Create | Villager (Male) |
| 23:19 | Build | Watch Tower |
| 23:30 | Build | Watch Tower |
| 23:54 | Research | Guard Tower (upgrade) |
| 23:55 | Research | Guard Tower (upgrade) |
| 23:56 | Create | Villager (Male) |
| 24:03 | Create | Villager (Male) |
| 24:11 | Create | Villager (Male) |
| 24:19 | Create | Villager (Male) |
| 24:27 | Build | Farm |
| 24:28 | Build | Farm |
| 24:30 | Create | Skirmisher |
| 24:46 | Create | Skirmisher |
| 24:49 | Create | Skirmisher |
| 25:02 | Create | Villager (Male) |
| 25:10 | Create | Archer |
| 25:21 | Create | Skirmisher |
Build order — nW | Sgt.Pepper
121 actions detected in the replay
| 0:00 | Create | Villager (Male) |
| 0:01 | Create | Villager (Male) ×4 |
| 0:02 | Build | House |
| 0:02 | Build | House |
| 0:54 | Build | Mill |
| 1:26 | Build | House |
| 1:37 | Create | Villager (Male) |
| 1:37 | Create | Villager (Male) |
| 2:02 | Create | Villager (Male) |
| 2:22 | Create | Villager (Male) |
| 2:22 | Create | Villager (Male) |
| 2:52 | Create | Villager (Male) |
| 2:53 | Create | Villager (Male) |
| 3:33 | Create | Villager (Male) |
| 3:40 | Create | Villager (Male) |
| 3:42 | Create | Villager (Male) |
| 3:54 | Build | House |
| 4:08 | Create | Villager (Male) |
| 4:29 | Create | Villager (Male) |
| 4:29 | Create | Villager (Male) |
| 4:56 | Create | Villager (Male) |
| 4:56 | Create | Villager (Male) |
| 4:56 | Create | Villager (Male) |
| 5:05 | Build | Lumber Camp |
| 5:26 | Build | House |
| 5:32 | Build | Palisade Wall |
| 5:33 | Build | Palisade Wall |
| 5:38 | Build | Palisade Wall |
| 5:42 | Build | Palisade Wall |
| 5:47 | Build | Palisade Wall |
| 5:48 | Build | Palisade Wall |
| 5:55 | Build | Palisade Wall |
| 6:06 | Create | Villager (Male) |
| 6:29 | Build | Palisade Wall |
| 6:35 | Create | Villager (Male) |
| 6:44 | Build | Mill |
| 6:48 | Create | Villager (Male) |
| 6:54 | Build | House |
| 6:58 | Create | Villager (Male) |
| 7:16 | Create | Villager (Male) |
| 7:24 | Build | House |
| 7:45 | Create | Villager (Male) |
| 7:56 | Create | Villager (Male) |
| 8:06 | Build | Palisade Wall |
| 8:07 | Build | Palisade Wall |
| 8:09 | Build | Palisade Wall |
| 8:11 | Build | Palisade Wall |
| 8:12 | Build | Palisade Wall |
| 8:13 | Build | Palisade Wall |
| 8:13 | Build | Palisade Wall |
| 8:15 | Build | Palisade Wall |
| 8:17 | Build | Palisade Wall |
| 8:18 | Build | Palisade Wall |
| 8:18 | Build | Palisade Wall |
| 8:19 | Build | Palisade Wall |
| 8:27 | Build | Palisade Wall |
| 8:28 | Build | Palisade Wall |
| 8:28 | Build | Palisade Wall |
| 8:31 | Build | Palisade Wall |
| 8:31 | Build | Palisade Wall |
| 9:09 | Create | Villager (Male) |
| 9:19 | Build | Palisade Wall |
| 9:30 | Build | Palisade Wall |
| 9:35 | Research | Feudal Age |
| 9:51 | Build | Palisade Wall |
| 10:18 | Create | Villager (Male) |
| 10:46 | Research | Loom |
| 10:46 | Create | Villager (Male) |
| 11:12 | Build | Farm |
| 11:14 | Build | Farm |
| 11:46 | Age | Feudal Age |
| 11:51 | Build | Market |
| 11:54 | Build | Blacksmith |
| 12:57 | Research | Castle Age |
| 12:58 | Research | Castle Age |
| 13:37 | Build | Barracks |
| 14:07 | Build | Mining Camp |
| 14:23 | Build | Archery Range |
| 14:28 | Build | Archery Range |
| 14:40 | Build | Palisade Wall |
| 14:50 | Build | Palisade Wall |
| 14:53 | Build | Palisade Wall |
| 15:34 | Build | Mining Camp |
| 15:37 | Age | Castle Age |
| 15:39 | Create | Unit 1911 |
| 15:40 | Create | Unit 1911 |
| 15:54 | Create | Villager (Male) |
| 16:23 | Create | Unit 1911 |
| 16:23 | Create | Unit 1911 |
| 16:48 | Build | Farm |
| 17:14 | Create | Unit 1911 |
| 17:14 | Create | Unit 1911 |
| 17:15 | Create | Villager (Male) |
| 17:36 | Create | Unit 1911 |
| 17:36 | Create | Unit 1911 |
| 17:43 | Create | Villager (Male) |
| 18:05 | Build | House |
| 18:19 | Create | Unit 1911 |
| 18:51 | Create | Unit 1911 |
| 19:04 | Build | House |
| 19:07 | Build | Palisade Wall |
| 19:17 | Create | Unit 1911 |
| 19:17 | Create | Unit 1911 |
| 19:35 | Build | Palisade Wall |
| 19:36 | Build | Palisade Wall |
| 19:49 | Build | Siege Workshop |
| 20:08 | Build | Farm |
| 20:15 | Create | Unit 1911 |
| 20:15 | Create | Unit 1911 |
| 20:54 | Build | Palisade Wall |
| 20:55 | Create | Unit 1911 |
| 21:37 | Create | Iron Pagoda |
| 21:40 | Build | House |
| 21:49 | Create | Villager (Male) |
| 21:49 | Create | Villager (Male) |
| 22:52 | Create | Villager (Male) |
| 23:17 | Create | Unit 1911 |
| 23:54 | Build | House |
| 24:10 | Create | Battering Ram |
| 24:15 | Create | Battering Ram |
| 24:58 | Create | Villager (Male) |
Match timeline
| 0:04 | 2099 · first_building Barracks |
| 5:32 | nW | Sgt.Pepper · wall_segment Palisade Wall x1 |
| 5:33 | nW | Sgt.Pepper · wall_segment Palisade Wall x1 |
| 5:38 | nW | Sgt.Pepper · wall_segment Palisade Wall x1 |
| 5:42 | nW | Sgt.Pepper · wall_segment Palisade Wall x1 |
| 5:47 | nW | Sgt.Pepper · wall_segment Palisade Wall x1 |
| 5:48 | nW | Sgt.Pepper · wall_segment Palisade Wall x1 |
| 5:55 | nW | Sgt.Pepper · wall_segment Palisade Wall x1 |
| 6:29 | nW | Sgt.Pepper · wall_segment Palisade Wall x1 |
| 8:06 | nW | Sgt.Pepper · wall_segment Palisade Wall x1 |
| 8:07 | nW | Sgt.Pepper · wall_segment Palisade Wall x1 |
| 8:09 | nW | Sgt.Pepper · wall_segment Palisade Wall x1 |
| 8:11 | nW | Sgt.Pepper · wall_segment Palisade Wall x1 |
| 8:12 | nW | Sgt.Pepper · wall_segment Palisade Wall x1 |
| 8:13 | nW | Sgt.Pepper · wall_segment Palisade Wall x1 |
| 8:13 | nW | Sgt.Pepper · wall_segment Palisade Wall x1 |
| 8:15 | nW | Sgt.Pepper · wall_segment Palisade Wall x1 |
| 8:17 | nW | Sgt.Pepper · wall_segment Palisade Wall x1 |
| 8:18 | nW | Sgt.Pepper · wall_segment Palisade Wall x1 |
| 8:18 | nW | Sgt.Pepper · wall_segment Palisade Wall x1 |
| 8:19 | nW | Sgt.Pepper · wall_segment Palisade Wall x1 |
| 8:27 | nW | Sgt.Pepper · wall_segment Palisade Wall x1 |
| 8:28 | nW | Sgt.Pepper · wall_segment Palisade Wall x1 |
| 8:28 | nW | Sgt.Pepper · wall_segment Palisade Wall x1 |
| 8:31 | nW | Sgt.Pepper · wall_segment Palisade Wall x1 |
| 8:31 | nW | Sgt.Pepper · wall_segment Palisade Wall x1 |
| 9:19 | nW | Sgt.Pepper · wall_segment Palisade Wall x1 |
| 9:30 | nW | Sgt.Pepper · wall_segment Palisade Wall x1 |
| 9:51 | nW | Sgt.Pepper · wall_segment Palisade Wall x1 |
| 10:39 | 2099 · age_up feudal |
| 10:56 | 2099 · first_building Archery Range |
| 11:46 | nW | Sgt.Pepper · age_up feudal |
| 12:53 | nW | Sgt.Pepper · first_market_sell 100 stone |
| 13:37 | nW | Sgt.Pepper · first_building Barracks |
| 14:23 | nW | Sgt.Pepper · first_building Archery Range |
| 14:40 | nW | Sgt.Pepper · wall_segment Palisade Wall x7 |
| 14:50 | nW | Sgt.Pepper · wall_segment Palisade Wall x2 |
| 14:53 | nW | Sgt.Pepper · wall_segment Palisade Wall x1 |
| 15:37 | nW | Sgt.Pepper · age_up castle |
| 17:07 | nW | Sgt.Pepper · first_market_buy 100 food |
| 17:27 | 2099 · first_market_buy 100 food |
| 17:28 | 2099 · first_market_sell 100 stone |
| 19:07 | nW | Sgt.Pepper · wall_segment Palisade Wall x7 |
| 19:21 | 2099 · wall_segment Palisade Wall x5 |
| 19:35 | nW | Sgt.Pepper · wall_segment Palisade Wall x5 |
| 19:36 | nW | Sgt.Pepper · wall_segment Palisade Wall x8 |
| 19:49 | nW | Sgt.Pepper · first_building Siege Workshop |
| 20:54 | nW | Sgt.Pepper · wall_segment Palisade Wall x10 |
| 20:55 | 2099 · age_up castle |
| 25:41 | nW | Sgt.Pepper · resign |
[ AI ANALYSIS · 1 CREDIT ]
What really happened in this match?
Wolo.gg analyzes every decision: build order, eco, micro, common mistakes by bracket. Personalized analysis on WhatsApp or Discord in 30 seconds.
Civ guide
Tupi
Perfil
Jugador #299269